 Dungeon Crawl Stone Soup version 0.24.0-37-gcf1ca852f1 (webtiles) character file.

Game seed: 9595203739862339845, levelgen mode: deterministic

1407 Peloso the Slasher (level 8, -5/69 HPs)
             Began as a Minotaur Fighter on Nov 24, 2019.
             Was a Follower of Okawaru.
             Slain by Joseph
             ... wielding a +0 quarterstaff
              (11 damage)
             ... on level 7 of the Dungeon.
             The game lasted 00:12:43 (5758 turns).

Peloso the Slasher (Minotaur Fighter)               Turns: 5758, Time: 00:12:44

Health: -5/69      AC: 14    Str: 27    XL:     8   Next: 42%
Magic:  7/7        EV:  8    Int:  5    God:    Okawaru [*.....]
Gold:   411        SH: 11    Dex: 11    Spells: 7/7 levels left

rFire    + . .     SeeInvis +   a - +1 long sword
rCold    x . .     Gourm    .   c - +0 shield
rNeg     . . .     Faith    +   w - +3 chain mail
rPois    .         Spirit   .   (helmet restricted)
rElec    .         Reflect  .   (no cloak)
rCorr    .         Harm     .   (no gloves)
MR       .....                  l - +0 pair of boots
Stlth    ..........             m - amulet of faith
HPRegen  0.21/turn              e - ring of see invisible
MPRegen  0.10/turn              u - ring of fire

@: mighty
A: retaliatory headbutt, horns 2
a: Heroism, Renounce Religion


You were on level 7 of the Dungeon.
You worshipped Okawaru.
Okawaru was aware of your devotion.
You were very hungry.

You visited 2 branches of the dungeon, and saw 8 of its levels.

You collected 411 gold pieces.

Inventory:

Hand Weapons
 a - a +1 long sword (weapon)
Armour
 b - a +0 scale mail
 c - a +0 shield (worn)
 l - a +0 pair of boots (worn)
 w - a +3 chain mail (worn)
Jewellery
 e - a ring of see invisible (left hand)
 m - an amulet of faith (around neck)
 u - a ring of fire (right hand)
Scrolls
 g - 6 scrolls of remove curse {unknown}
 k - 2 scrolls of enchant weapon
 p - a scroll of amnesia {unknown}
 q - 2 scrolls of immolation {unknown}
 s - a scroll of identify
 t - a scroll of fog {unknown}
 v - a scroll of magic mapping {unknown}
 x - a scroll of fear {unknown}
 y - 2 scrolls of blinking
 z - a scroll of teleportation {unknown}
 A - a scroll of enchant armour {unknown}
Potions
 h - 2 potions of curing
 i - a potion of invisibility
 j - 2 potions of haste {unknown}
 n - a potion of berserk rage {unknown}
 o - 3 potions of flight {unknown}
 r - a potion of heal wounds {unknown}
 C - a potion of ambrosia {unknown}
Comestibles
 f - 16 rations


   Skills:
 + Level 5.4 Fighting
 + Level 7.8 Long Blades
 + Level 6.9 Armour
 + Level 3.2 Dodging
 + Level 0.3 Stealth
 + Level 6.7 Shields


You had 7 spell levels left.
You didn't know any spells.
Your spell library was empty.

Dungeon Overview and Level Annotations

Branches:
Dungeon (7/15)             Temple (1/1) D:6

Altars:
Ashenzari
Cheibriados
Dithmenos
Fedhas
Gozag
Kikubaaqudgha
Makhleb
Okawaru
Qazlal
Ru
Trog
Uskayaw
Vehumet
Wu Jian
Xom
Yredelemnul
Zin
The Shining One

Shops:
D:4 :

Annotations:
D:7 1 runed translucent door, Crazy Yiuf, Joseph


Innate Abilities, Weirdness & Mutations

You reflexively headbutt those who attack you in melee.
You have a pair of horns on your head.


Message History

* * * LOW HITPOINT WARNING * * *
Joseph hits you with a +0 quarterstaff.
* * * LOW HITPOINT WARNING * * *
You slash Joseph!
Joseph is heavily wounded.
Joseph hits you but does no damage.
You hit Joseph. You headbutt Joseph.
Joseph is severely wounded.
Joseph hits you with a +0 quarterstaff!
* * * LOW HITPOINT WARNING * * *
You feel better. Joseph hits you with a +0 quarterstaff!
* * * LOW HITPOINT WARNING * * *
Joseph hits you but does no damage.
You feel very mighty all of a sudden. You block Joseph's attack.
You are feeling very hungry.
You hit Joseph.
Joseph is severely wounded.
Joseph hits you with a +0 quarterstaff!
You die...

#####################....#.....##
......................##.......#
..............>...##.#.##.......#
..............))###.............#
................)..............##
.......##..#...###..............#
..........##...# ##.....#.......#
..............####......#.......#
..............(@@(.(<)..##.....##
........#.....########....#....#
..#....##....## #.........#
....#...#.#.## #.........#
.##.#.#...#(# #.........#
##..#.....((# #.........#
#..@...((### #.........#
...#####...# .......#### ..#
##...... ..#######


You could see Joseph (berserk).

Vanquished Creatures
  An ice beast (D:6)
  A sky beast (D:7)
  3 ogres
  A centaur (D:6)
  A bullfrog (D:7)
  A scorpion (D:7)
  A crimson imp (D:5)
  2 bullfrog zombies
  A jelly (D:6)
  4 orc priests
  A hound (D:6)
  5 orc wizards
  3 worker ants
  10 adders
  3 gnolls
  2 shadow imps
  An ooze (D:4)
  2 adder skeletons (D:5)
  4 worms
  2 dart slugs (D:1)
  2 leopard geckos (D:4)
  32 orcs
  A ball python (D:3)
  7 bats
  4 giant cockroaches
  11 goblins
  7 hobgoblins
  13 jackals
  7 frilled lizards
  10 kobolds
  14 rats
157 creatures vanquished.

Notes
Turn   | Place    | Note
-------+----------+-------------------------------------------
     0 | D:1      | Peloso the Minotaur Fighter began the quest for the Orb.
     0 | D:1      | Reached XP level 1. HP: 19/19 MP: 0/0
    97 | D:1      | Reached XP level 2. HP: 27/27 MP: 1/1
   686 | D:2      | Reached XP level 3. HP: 31/33 MP: 2/2
   922 | D:2      | Reached skill level 3 in Long Blades
   958 | D:2      | Found a glowing golden altar of the Shining One.
   984 | D:2      | Reached XP level 4. HP: 33/40 MP: 3/3
  1035 | D:2      | Reached skill level 1 in Dodging
  1460 | D:3      | Found a shimmering altar of Xom.
  1461 | D:3      | Found a shimmering altar of Xom.
  1543 | D:3      | Reached skill level 4 in Long Blades
  1552 | D:3      | Reached XP level 5. HP: 38/47 MP: 4/4
  1929 | D:3      | Found a snail-covered altar of Cheibriados.
  2165 | D:5      | Entered Level 5 of the Dungeon
  2226 | D:4      | Found Veeciaff's Book Shoppe.
  2247 | D:4      | Reached skill level 5 in Long Blades
  2252 | D:4      | Reached XP level 6. HP: 32/53 MP: 5/5
  2747 | D:4      | Found a radiant altar of Vehumet.
  2853 | D:5      | Reached skill level 5 in Armour
  2853 | D:5      | Reached skill level 5 in Shields
  3475 | D:6      | Reached XP level 7. HP: 50/60 MP: 6/6
  3790 | D:5      | Reached skill level 5 in Fighting
  4019 | D:6      | Reached skill level 6 in Long Blades
  4560 | D:6      | Found a staircase to the Ecumenical Temple.
  4576 | Temple   | Entered the Ecumenical Temple
  4584 | Temple   | Became a worshipper of Warmaster Okawaru
  5089 | D:7      | Reached skill level 7 in Long Blades
  5089 | D:7      | Reached XP level 8. HP: 58/68 MP: 7/7
  5100 | D:7      | Reached * piety under Okawaru
  5166 | D:7      | Found a bloodstained altar of Trog.
  5213 | D:7      | Found a runed translucent door.
  5214 | D:7      | Noticed Crazy Yiuf
  5575 | D:7      | Noticed Joseph
  5758 | D:7      | Slain by Joseph

Levels and vault maps discovered:
D:1:      scummos_arrival_checkerplants, layout_loops_ring
D:2:      layout_loops_ring, lemuel_crystal_altar, hangedman_decor_push
D:3:      layout_rooms, xom_redecorated, marbit_many_paths, chequers_arboretum
D:4:      layout_basic, kennysheep_little_box, first_ration, serial_shops,
          nicolae_shop_crystal
D:5:      layout_cave_pools
D:6:      layout_rooms, minmay_temple_entry_statues_fountains
D:7:      layout_rooms, lemuel_coloured_pillars_altar, uniq_crazy_yiuf_cottage,
          uniq_joseph
Temple:   nicolae_temple_x_marks_the_god

Skill      XL: |  1  2  3  4  5  6  7 |
---------------+----------------------+-----
Shields        | 4 5 6 |  6.7
Armour         | 4 5 6 |  6.9
Fighting       | 4 5 |  5.4
Long Blades    | 3 4 5 7 |  7.8
Dodging        | 1 2 3 |  3.2
Stealth        | |  0.3

Action                   |  1- 3 |  4- 6 |  7- 9 || total
-------------------------+-------+-------+-------++-------
Melee: Long sword        |   114 |   148 |   162 ||   424
       Headbutt          |    17 |    28 |    32 ||    77
Invok: Heroism           |       |       |     2 ||     2
  Use: Scroll            |       |     6 |       ||     6
       Potion            |       |     1 |     5 ||     6
  Eat: Chunk             |       |     7 |     8 ||    15
Armor: Scale mail        |    48 |    57 |       ||   105
       Chain mail        |       |    13 |   110 ||   123
Dodge: Dodged            |    17 |    58 |    49 ||   124
Block: Shield            |    50 |    78 |   121 ||   249
       Rpst.: Long sword |     3 |    15 |    11 ||    29
